 Dungeon Crawl Stone Soup version 0.19.1 (webtiles) character file.

259 Obvious the Ruffian (level 5, 0/38 HPs)
             Began as a Demonspawn Wanderer on Dec 1, 2016.
             Slain by a bullfrog (8 damage)
             ... on level 4 of the Dungeon.
             The game lasted 00:07:34 (3915 turns).

Obvious the Ruffian (Demonspawn Wanderer)           Turns: 3915, Time: 00:07:35

Health: 0/38       AC:  3    Str: 14    XL:     5   Next: 94%
Magic:  5/5        EV: 11    Int: 13    God:
Gold:   195        SH:  0    Dex: 12    Spells: 0 memorised, 4 levels left

rFire  . . .     SeeInvis .       - Unarmed
rCold  . . .     Gourm    .     r - +0 leather armour (curse)
rNeg   . . .     Faith    .     (no shield)
rPois  .         Spirit   .     (helmet restricted)
rElec  .         Reflect  .     (no cloak)
rCorr  .         Harm     .     (no gloves)
MR     ++...                    (no boots)
Stlth  ++........               (no amulet)
                                (no ring)
                                (no ring)

@: lethally poisoned (0 -> -1)
A: antennae 1, claws 1, talons 1, magic resistance 2
a: no special abilities


You were on level 4 of the Dungeon.
You were not hungry.

You visited 1 branch of the dungeon, and saw 4 of its levels.

You collected 195 gold pieces.

Inventory:

Hand Weapons
 d - a +0 club
 e - a +0 dagger
Armour
 c - a +0 robe
 h - a +0 leather armour
 l - a +1 ring mail
 r - a cursed +0 leather armour (worn)
Jewellery
 n - an uncursed ring of stealth {unknown}
Wands
 k - a wand of confusion (34/48)
 p - a wand of polymorph (10/24)
Scrolls
 b - 4 scrolls of identify
 g - 3 scrolls of remove curse
 i - a scroll of teleportation {unknown}
Miscellaneous
 a - a box of beasts
Comestibles
 f - 2 bread rations
 j - 3 meat rations
 m - a slice of pizza
 o - 5 fruits
 q - 4 chunks of flesh


   Skills:
 - Level 2.2 Fighting
 - Level 1.7 Maces & Flails
 - Level 1.0 Throwing
 - Level 1.0 Dodging
 - Level 1.7 Stealth
 + Level 5.3 Unarmed Combat
 - Level 1.0 Evocations


You had 4 spell levels left.
You didn't know any spells.

Dungeon Overview and Level Annotations

Branches:
Dungeon (4/15)
 Temple: D:4-7

Altars:


Innate Abilities, Weirdness & Mutations

You have a pair of small antennae on your head.
You have sharp fingernails.
You have sharp toenails.
You are highly resistant to hostile enchantments. (MR++)


Message History

The bullfrog gives a loud, deep croak!
The ogre hits you with a giant spiked club!
You scratch the ogre.
The ogre is lightly wounded.
You feel sick.
You scratch the ogre. You claw the ogre.
The ogre is moderately wounded.
The ogre barely misses you.
You closely miss the ogre. You claw the ogre.
The ogre is heavily wounded.
The ogre barely misses you.
You scratch the ogre. You claw the ogre, but do no damage.
The ogre is severely wounded.
You feel sick. The bullfrog hits you!
* * * LOW HITPOINT WARNING * * *
You are too injured to fight recklessly!
The bullfrog hits you but does no damage.
Found a stone staircase leading down.
You feel sick. The bullfrog hits you!
You die...

##########........|#
##.#......## ###.
#..........###... .
...##........<..##..
.## #......#........
## ##..%.....$.....
#...........#
#####...........#
.>.....@FO......#
####......##....#
#......# $...#
......)........#
...#########....# .#
#..## #.# ..


You could see an ogre and a bullfrog.

Vanquished Creatures
  An ogre (D:4)
  An orc priest (D:3)
  7 adders
  An ooze (D:4)
  2 dart slugs (D:1)
  2 leopard geckos
  7 orcs (D:3)
  A ball python (D:4)
  7 bats
  2 giant cockroaches
  4 goblins
  5 hobgoblins
  3 jackals (D:1)
  9 kobolds
  A quokka (D:2)
  6 frilled lizards
  9 rats
68 creatures vanquished.

Notes
Turn   | Place    | Note
-------+----------+-------------------------------------------
     0 | D:1      | Obvious the Demonspawn Wanderer began the quest for the Orb.
     0 | D:1      | Obvious set off with: a box of beasts, 2 potions of curing, a +0 robe, a +0 club, a +0 dagger, a bread ration
     0 | D:1      | Reached XP level 1. HP: 15/15 MP: 1/1
   258 | D:1      | Gained mutation: You have sharp fingernails. [demonic ancestry]
   258 | D:1      | Reached XP level 2. HP: 22/22 MP: 2/2
   282 | D:1      | Reached skill level 2 in Unarmed Combat
   365 | D:1      | Gained mutation: You have sharp toenails. [potion of mutation]
   365 | D:1      | Gained mutation: You are resistant to hostile enchantments. (MR+) [potion of mutation]
   365 | D:1      | Gained mutation: You are highly resistant to hostile enchantments. (MR++) [potion of mutation]
   765 | D:1      | Reached XP level 3. HP: 27/27 MP: 3/3
  2029 | D:2      | HP: 1/27 [worm (9)]
  2337 | D:2      | Reached skill level 3 in Unarmed Combat
  2532 | D:3      | Reached XP level 4. HP: 22/33 MP: 4/4
  2888 | D:3      | Reached skill level 4 in Unarmed Combat
  3142 | D:3      | Gained mutation: You have a pair of small antennae on your head. [demonic ancestry]
  3142 | D:3      | Reached XP level 5. HP: 14/38 MP: 5/5
  3744 | D:4      | Noticed an ogre
  3751 | D:4      | Killed an ogre
  3751 | D:4      | Reached skill level 5 in Unarmed Combat
  3903 | D:4      | Noticed an ogre
  3915 | D:4      | Slain by a bullfrog

Skill      XL: |  1  2  3  4  5 |
---------------+----------------+-----
Fighting       | 2 |  2.2
Unarmed Combat | 2 3 4 5 |  5.3
Maces & Flails | |  1.7
Throwing       | |  1.0
Dodging        | |  1.0
Stealth        | |  1.7
Evocations     | |  1.0

Action                   |  1- 3 |  4- 6 || total
-------------------------+-------+-------++-------
Melee: Dagger            |   133 |       ||   133
       Kick              |    35 |    16 ||    51
       Punch             |     2 |     1 ||     3
       Unarmed           |    77 |   101 ||   178
  Use: Potion            |     5 |     3 ||     8
       Scroll            |     2 |     2 ||     4
 Stab: Sleeping          |     5 |       ||     5
  Eat: Chunk             |     2 |     3 ||     5
       Bread ration      |     1 |       ||     1
Armor: Robe              |     8 |       ||     8
       Leather armour    |    20 |     2 ||    22
       Ring mail         |    19 |    38 ||    57
Dodge: Dodged            |    98 |    57 ||   155
